 Dungeon Crawl Stone Soup version 0.17-a0-1850-g688e747 (webtiles) character file.

1916 ithil the Shield-Bearer (level 8, -6/73 HPs)
             Began as a Deep Dwarf Fighter on Sept 19, 2015.
             Was a Follower of Qazlal.
             Mangled by a blink frog (13 damage)
             ... on level 5 of the Dungeon.
             The game lasted 00:24:31 (3401 turns).

ithil the Shield-Bearer (Deep Dwarf Fighter)        Turns: 3401, Time: 00:24:33

Health: -6/73      AC:  8    Str: 20    XL:     8   Next: 95%
Magic:  8/8        EV: 11    Int: 10    God:    Qazlal [*.....]
Gold:   184        SH: 12    Dex: 13    Spells: 0 memorised, 7 levels left

rFire  . . .     SeeInvis .     a - +1 war axe
rCold  . . .     Clarity  .     b - +0 scale mail
rNeg   . . .     SustAt   .     c - +0 shield
rPois  .         Gourm    .     t - +0 helmet
rElec  .         Spirit   .     (no cloak)
rCorr  .         Warding  .     (no gloves)
rMut   .         Stasis   .     (no boots)
MR     +....                    (no amulet)
Stlth  ..........               (no ring)
                                (no ring)

@: non-regenerating, somewhat resistant to hostile enchantments, extremely
unstealthy
A: damage resistance, recharge devices, sense surroundings 1, slow healing 3
a: Device Recharging, Renounce Religion


You were on level 5 of the Dungeon.
You worshipped Qazlal.
Qazlal was aware of your devotion.
You were not hungry.

You visited 1 branch of the dungeon, and saw 5 of its levels.

You collected 184 gold pieces.

Inventory:

Hand weapons
 a - a +1 war axe (weapon)
 d - a +0 scythe
 n - a +0 short sword
 C - a +0 club
 D - a +0 battleaxe
Armour
 b - a +0 scale mail (worn)
 c - a +0 shield (worn)
 h - a +0 leather armour
 k - a +0 shield
 o - a +0 scale mail
 r - a +0 chain mail
 t - a +0 helmet (worn)
 v - a +0 leather armour
 w - a +0 chain mail
Magical devices
 e - a wand of heal wounds (0)
 i - a wand of confusion (8)
 m - a wand of polymorph (7)
 q - a wand of digging (11)
 s - a wand of disintegration (8)
 u - a wand of confusion (24)
Scrolls
 l - 4 scrolls of remove curse
 p - 2 scrolls of teleportation
 x - a scroll of identify
 z - a scroll of immolation
Potions
 A - a potion of heal wounds {unknown}
Books
 y - a book of Minor Magic

   Spells                             Type                      Level
   a - Magic Dart                     Conjuration                  1
   b - Blink                          Translocation                2
   c - Call Imp                       Summoning                    2
   d - Repel Missiles                 Charms/Air                   2
   e - Slow                           Hexes                        2
   f - Conjure Flame                  Conjuration/Fire             3
   g - Mephitic Cloud                 Conjuration/Poison/Air       3
Comestibles
 f - 3 bread rations
 g - a meat ration
 j - 2 beef jerkies
 B - 3 chunks of flesh
 E - 3 mutagenic chunks of flesh


   Skills:
 + Level 4.6 Fighting
 + Level 5.7 Axes
 + Level 6.3 Armour
 + Level 5.6 Dodging
 + Level 0.3 Stealth
 + Level 7.5 Shields
 + Level 1.8 Evocations


You had 7 spell levels left.
You didn't know any spells.

Dungeon Overview and Level Annotations

Branches:
Dungeon (5/15)
 Temple: D:4-7

Altars:
Ashenzari
Cheibriados
Dithmenos
Makhleb
Nemelex Xobeh
Qazlal
Vehumet
Xom
The Shining One

Shops:
D:4 *


Innate Abilities, Weirdness & Mutations

You are resistant to damage.
You can recharge devices by infusing magical energy.
You passively map a small area around you.
You do not heal naturally.


Message History

The blink frog is moderately wounded.
The blink frog hits you!
* * * LOW HITPOINT WARNING * * *
The blink frog blinks!
The blink frog blinks!
Evoke which item? (* to show all) (? for menu, Esc to quit)
That item cannot be evoked!
Evoke which item? (* to show all) (? for menu, Esc to quit)
Zapping:
e - a wand of heal wounds (1)
Press: ? - help, Shift-Dir - straight line, f - you, p - blink frog You feel much better.
This wand has 0 charges left.
The blink frog hits you!
* * * LOW HITPOINT WARNING * * *
The blink frog blinks!
You slash the orc!
You kill the orc!
Qazlal accepts your kill.
You hit the blink frog.
The blink frog is moderately wounded.
The blink frog closely misses you. The blink frog hits you!
You die...

#.. ##... , ###.#*
#.... #...# #...#%.
#...###...... ##
##..)#....#.# , ..# .
#.......(...# #.##.
#.....Z##.### ##....
#..<.†###.# #...#*
#...@.##..# #..#**
###..F.##.#######..#
#..................#
#.....##.##..###...###
#.######.#..## ###†...
### #.#.## #.### #...#
#..# #.##########.##
### .........#


You could see a blink frog and a giant gecko zombie.

Vanquished Creatures
  Grinder (D:3)
  Sigmund (D:2)
  A hungry ghost (D:4)
  The ghost of Loris the Firebug, an average DEFE (D:4)
  A sky beast (D:5)
  Purgy (D:3)
  A phantom (D:4)
  A centaur (D:4)
  Blork the orc (D:5)
  A water moccasin skeleton (D:5)
  2 jellies (D:5)
  2 scorpions (D:4)
  A crimson imp (D:5)
  An orc priest (D:3)
  3 hounds (D:4)
  An orc wizard (D:4)
  Ijyb (D:3)
  A giant frog skeleton (D:4)
  Jessica (D:2)
  Terence (D:2)
  7 worker ants
  A worker ant zombie (D:5)
  Robin (D:4)
  4 gnolls
  4 adders
  A worm (D:1)
  2 giant geckos
  14 orcs
  2 ball pythons (D:3)
  5 giant cockroaches
  7 hobgoblins
  3 kobolds (D:1)
  2 quokkas
  6 bats
  5 giant newts
  17 goblins
  4 jackals (D:3)
  A jackal skeleton (D:4)
  A quokka skeleton (D:4)
  7 rats
118 creatures vanquished.

Vanquished Creatures (others)
  A scorpion (D:4)
  A worker ant (D:4)
  An adder (D:4)
  2 giant cockroaches (D:4)
  A quokka (D:4)
6 creatures vanquished.

Grand Total: 124 creatures vanquished

Notes
Turn   | Place    | Note
--------------------------------------------------------------
     0 | D:1      | ithil the Deep Dwarf Fighter began the quest for the Orb.
     0 | D:1      | Reached XP level 1. HP: 20/20 MP: 1/1
   187 | D:1      | Reached XP level 2. HP: 16/27 MP: 2/2
   453 | D:1      | Reached skill level 4 in Shields
   537 | D:1      | Reached XP level 3. HP: 31/33 MP: 3/3
   711 | D:2      | Noticed Jessica
   720 | D:2      | Killed Jessica
   748 | D:2      | Reached XP level 4. HP: 35/42 MP: 4/4
   762 | D:2      | Reached skill level 1 in Dodging
   823 | D:2      | Noticed Terence
   829 | D:2      | Killed Terence
   895 | D:2      | Found a snail-covered altar of Cheibriados.
  1118 | D:2      | Reached XP level 5. HP: 32/49 MP: 5/5
  1130 | D:2      | Noticed Sigmund
  1131 | D:2      | Found a shattered altar of Ashenzari.
  1134 | D:2      | Found a radiant altar of Vehumet.
  1142 | D:2      | Killed Sigmund
  1142 | D:2      | Reached skill level 5 in Shields
  1142 | D:2      | Reached XP level 6. HP: 33/56 MP: 6/6
  1144 | D:2      | Found a glowing golden altar of the Shining One.
  1144 | D:2      | Found a shadowy altar of Dithmenos.
  1144 | D:2      | Found a sparkling altar of Nemelex Xobeh.
  1440 | D:3      | Noticed Ijyb
  1470 | D:3      | Killed Ijyb
  1647 | D:3      | Found a burning altar of Makhleb.
  1673 | D:3      | Noticed Purgy
  1673 | D:3      | Noticed Grinder
  1694 | D:3      | Killed Grinder
  1694 | D:3      | Reached XP level 7. HP: 21/62 MP: 7/7
  1701 | D:3      | Killed Purgy
  1701 | D:3      | Reached skill level 6 in Shields
  1993 | D:4      | Found a stormy altar of Qazlal.
  2018 | D:4      | Found a shimmering altar of Xom.
  2021 | D:4      | Became a worshipper of Qazlal Stormbringer
  2030 | D:4      | Found Loga's Assorted Antiques.
  2046 | D:4      | Noticed Robin
  2047 | D:4      | Noticed Loris's ghost (average DEFE)
  2065 | D:4      | Killed Robin
  2075 | D:4      | Killed Loris's ghost
  2075 | D:4      | Reached skill level 5 in Armour
  2143 | D:4      | Reached skill level 1 in Evocations
  2197 | D:4      | Reached XP level 8. HP: 45/72 MP: 7/7
  2858 | D:4      | Reached skill level 5 in Axes
  2886 | D:4      | Reached skill level 5 in Dodging
  3058 | D:4      | Reached skill level 7 in Shields
  3120 | D:5      | Entered Level 5 of the Dungeon
  3132 | D:5      | Noticed Blork the orc
  3144 | D:5      | Killed Blork the orc
  3170 | D:5      | Acquired Qazlal's first power
  3373 | D:5      | Noticed a blink frog
  3373 | D:5      | an ogre changed into a blink frog
  3401 | D:5      | Mangled by a blink frog

Vault maps used:
D:1:      evilmike_arrival_run_for_it
D:2:      overflow_temple_1_default, minitemple, serial_park_tiny_pond,
          minmay_crystal_water, uniq_jessica, uniq_terence, uniq_sigmund
D:3:      old_standard_altar, first_bread, uniq_iyjb, uniq_purgy, uniq_grinder
D:4:      minmay_opposing_rooms, overflow_temple_1_default, xom_confusion_cloud,
          serial_shops, nicolae_shop_trees, uniq_robin
D:5:      temple_green, uniq_blork_the_orc

Action                   |  1- 3 |  4- 6 |  7- 9 || total
-------------------------+-------+-------+-------++-------
Melee: War axe           |    88 |   107 |   268 ||   463
 Abil: Device Recharging |       |       |     1 ||     1
Evoke: Wand              |     1 |     3 |    13 ||    17
  Use: Scroll            |       |     6 |     5 ||    11
       Potion            |       |     3 |     2 ||     5
  Eat: Chunk             |       |     3 |     6 ||     9
       Meat ration       |       |       |     1 ||     1
